AoeStats
← konron4880

Black Forest

510104572Analyzed
2v2 RM · 4d ago on Sep 29, 2026· 49m 42s· 4 players
Game mode
Random Map
Map size
Medium (4 player)
Population
200
Speed
Normal
Resources
Standard
Victory
Conquest
Starting age
Dark Age
Ending age
Imperial Age
RankedLock teamsTeams togetherTeam positionsShared explorationLock speedFull tech treeHidden civsTurbo modeCheats
Victory
Defeat
🇩🇪 Persians · Germany
1093
+15
🇵🇪 Chinese · Peru
1060
+16
🇬🇧 Khmer · United Kingdom
1112
-18
🇮🇳 Britons · India
1015
-13
kert_qt
10:14 Feudal Age
11:06 Loom
14:07 Castle Age
13:07 Double-Bit Axe
15:44 Horse Collar
16:23 Bow Saw
21:20 Fishing Lines
24:15 Wheelbarrow
25:16 Hand Cart
28:02 Heavy Plow
32:55 Imperial Age
30:30 Husbandry
30:47 Scale Barding Armor
30:43 Gold Mining
30:46 Stone Mining
31:31 Forging
32:16 Chain Barding Armor
32:04 Town Watch
32:52 Bloodlines
33:20 Iron Casting
32:46 Cavalier
34:47 Chemistry
34:29 Gold Shaft Mining
35:03 Plate Barding Armor
36:28 Crop Rotation
37:00 Two-Man Saw
35:46 Savar
37:37 Blast Furnace
37:00 Caravan
38:40 Onager
45:27 Fletching
45:38 Padded Archer Armor
49:59 Stone Shaft Mining
DENYS1815
0:27 Loom
13:34 Feudal Age
18:38 Castle Age
18:12 Double-Bit Axe
20:36 Town Watch
22:58 Fishing Lines
25:23 Town Patrol
27:36 Gillnets
27:45 Horse Collar
30:52 Bow Saw
34:00 Imperial Age
31:45 Fortified Wall
31:31 Fletching
33:48 Wheelbarrow
34:03 Heavy Plow
34:43 Bodkin Arrow
34:50 Padded Archer Armor
34:56 Guard Tower
35:56 Caravan
36:29 Elite Skirmisher
37:50 Coinage
36:49 Pikeman
37:29 Squires
38:41 Chemistry
37:34 Gold Mining
39:06 Conscription
39:05 Masonry
38:51 Murder Holes
40:00 Banking
41:06 Two-Man Saw
41:49 Halberdier
42:47 Bracer
42:48 Scale Mail Armor
42:53 Scale Barding Armor
43:04 Leather Archer Armor
42:59 Forging
44:59 Thumb Ring
45:36 Architecture
45:28 Ballistics
45:45 Keep
44:45 Heavy Rocket Cart
47:17 Hand Cart
47:27 Chain Mail Armor
47:43 Ring Archer Armor
47:49 Iron Casting
49:28 Cavalier
50:08 Husbandry
50:20 Bloodlines
49:30 Light Cavalry
konron4880
1:26 Loom
11:23 Feudal Age
16:21 Castle Age
15:17 Stone Mining
17:13 Double-Bit Axe
22:33 Town Watch
26:27 Horse Collar
27:47 Fishing Lines
29:05 Bow Saw
28:55 Gold Mining
32:31 Imperial Age
30:37 Wheelbarrow
34:41 Stone Shaft Mining
37:05 Husbandry
37:17 Bloodlines
38:05 Conscription
42:14 Sanctity
43:14 Redemption
43:47 Hoardings
44:52 Fletching
45:03 Padded Archer Armor
44:29 Elite Ballista Elephant
46:42 Light Cavalry
47:33 Scale Barding Armor
47:39 Forging
aaaaaaaaaaaaaa
0:26 Loom
13:07 Feudal Age
14:23 Wheelbarrow
13:34 Double-Bit Axe
14:16 Horse Collar
22:17 Castle Age
20:11 Stone Mining
20:12 Gold Mining
25:50 Heavy Plow
26:03 Bow Saw
30:14 Imperial Age
29:13 Gold Shaft Mining
28:52 Fletching
29:51 Hand Cart
30:01 Bodkin Arrow
30:38 Padded Archer Armor
31:45 Bracer
32:50 Leather Archer Armor
33:26 Conscription
34:21 Ballistics
35:27 Two-Man Saw
36:15 Ring Archer Armor
37:14 Warwolf
37:16 Elite Longbowman
39:27 Forging
39:17 Scale Mail Armor
39:50 Yeomen
40:52 Chemistry
42:30 Hoardings
43:51 Pikeman
44:33 Squires
45:14 Iron Casting
44:55 Chain Mail Armor
45:24 Halberdier
Connection lost

Rejoining the realm…

Still unreachable

The connection could not be restored.

Session expired

The server has moved on; the page needs a fresh start.